Map: [ESL] Oceanborn

Players

Harstem - Winner!

  • Race: Protoss Protoss
  • Spawn Location: 5:00

Reynor

  • Race: Zerg Zerg
  • Spawn Location: 11:00

Event: ESL SC2 Masters 2024 Spring (Regional)

VOD

Have the link to the VOD?

Description

Time

  • Played on: April 17, 2024, 11:14 a.m.
  • Length: 11:32

All games in this series

Show
View Real Time Build Order
Export as new Build Order

Harstem Protoss - Winner!

Build Orders: 1 Gate Expand, Oracle Opening 

Get SALT Encoding   

  12  0:00  Probe  
  13  0:12  Probe  
  14  0:19  Pylon  
  14  0:24  Probe (Chrono Boost)  
  15  0:38  Probe (Chrono Boost)  
  15  0:40  Gateway  
  16  0:45  Probe (Chrono Boost)  
  17  0:50  Assimilator  
  17  0:52  Probe  
  18  1:04  Probe  
  19  1:16  Probe  
  20  1:25  Nexus  
  20  1:34  Cybernetics Core  
  20  1:38  Probe  
  21  1:42  Assimilator  
  21  1:50  Probe  
  21  1:52  Pylon  
  22  2:02  Probe  
  22  2:08  Adept (Chrono Boost)  
  23  2:14  Probe  
  26  2:23  Stargate  
  26  2:26  Probe (Chrono Boost)  
  27  2:31  Adept  
  30  2:37  Warp Gate, Probe (Chrono Boost)  
  30  2:41  Probe (Chrono Boost)  
  30  2:43  Probe (Chrono Boost)  
  33  2:52  Probe (Chrono Boost)  
  33  2:57  Probe (Chrono Boost)  
  34  2:58  Probe (Chrono Boost)  
  34  3:00  Adept  
  34  3:04  Probe  
  38  3:06  Probe  
  38  3:09  Oracle (Chrono Boost)  
  42  3:16  Pylon, Probe  
  42  3:18  Probe  
  44  3:21  Gateway  
  44  3:29  Probe  
  44  3:30  Probe  
  46  3:37  Oracle (Chrono Boost)  
  49  3:44  Probe x2  
  49  3:46  Pylon  
  51  3:53  Nexus  
  51  3:56  Probe  
  51  3:57  Probe  
  51  4:01  Assimilator  
  53  4:06  Oracle (Chrono Boost)  
  53  4:08  Probe  
  53  4:09  Probe  
  58  4:14  Pylon  
  58  4:16  Assimilator  
  58  4:20  Probe  
  58  4:21  Probe  
  58  4:23  Twilight Council  
  60  4:29  Gateway  
  60  4:32  Probe  
  60  4:35  Gateway  
  60  4:38  Probe  
  62  4:39  Adept x2  
  62  4:45  Probe  
  67  4:50  Pylon, Forge, Probe  
  68  4:58  Blink (Chrono Boost)  
  68  5:01  Probe  
  68  5:03  Probe  
  68  5:05  Stalker  
  68  5:06  Probe  
  73  5:10  Stalker  
  73  5:13  Probe  
  76  5:17  Probe  
  71  5:24  Probe  
  71  5:25  Stalker, Protoss Ground Weapons Level 1 (Chrono Boost), Probe  
  75  5:29  Probe  
  75  5:31  Stalker  
  75  5:33  Pylon  
  75  5:34  Stalker  
  80  5:36  Probe  
  80  5:37  Probe  
  80  5:39  Stalker  
  80  5:41  Probe  
  81  5:52  Stalker  
  81  5:54  Shield Battery  
  81  5:55  Stalker  
  79  5:58  Stalker  
  79  6:03  Stalker  
  79  6:05  Probe  
  79  6:06  Shield Battery  
  79  6:07  Pylon  
  77  6:13  Cybernetics Core  
  77  6:15  Sentry  
  77  6:16  Probe  
  80  6:19  Cybernetics Core  
  80  6:22  Sentry  
  85  6:26  Stalker  
  85  6:30  Sentry  
  86  6:33  Probe  
  86  6:36  Probe x2  
  86  6:38  Shield Battery  
  89  6:40  Pylon, Stalker  
  89  6:41  Pylon  
  91  6:50  Stalker x2  
  91  6:53  Probe  
  96  7:07  Stalker x2  
  88  7:08  Probe  
  88  7:14  Probe  
  86  7:16  Protoss Ground Weapons Level 2 (Chrono Boost)  
  86  7:19  Charge (Chrono Boost)  
  86  7:21  Probe  
  82  7:24  Gateway  
  82  7:26  Stalker x2  
  82  7:27  Gateway x2  
  86  7:30  Gateway  
  86  7:34  Nexus  
  85  7:38  Probe  
  85  7:40  Probe  
  87  7:45  Templar Archives, Stalker x2  
  91  7:59  Probe  
  91  8:00  Robotics Facility  
  91  8:01  Zealot  
  91  8:03  Pylon  
  91  8:05  Pylon  
  94  8:07  Assimilator  
  94  8:12  Assimilator  
  94  8:16  Photon Cannon  
  94  8:18  Pylon  
  94  8:21  Probe  
  94  8:22  High Templar x2  
  94  8:23  Zealot x3  
  94  8:25  Zealot x2  
  109  8:29  Archon  
  109  8:33  Probe  
  110  8:36  Pylon x2  
  110  8:39  Zealot  
  112  8:46  Zealot, High Templar x2  
  112  8:47  Zealot x2  
  122  8:50  Archon  
  122  8:51  Warp Prism (Chrono Boost)  
  124  8:56  Zealot  
  124  9:04  Zealot x2  
  120  9:16  High Templar x2  
  124  9:17  Zealot  
  124  9:22  Zealot x2, Archon  
  124  9:23  Psionic Storm  
  130  9:24  Nexus  
  128  9:31  Probe  
  128  9:36  Zealot  
  131  9:44  Zealot x3  
  136  9:50  Shield Battery  
  136  9:56  High Templar x2  
  136  10:03  Probe x2  
  136  10:06  High Templar  
  140  10:10  Pylon, Immortal (Chrono Boost)  
  140  10:11  Pylon  
  140  10:13  Pylon  
  144  10:17  Probe  
  144  10:20  Assimilator  
  145  10:24  Probe  
  145  10:26  Probe  
  145  10:28  High Templar  
  149  10:29  Probe  
  149  10:33  High Templar  
  150  10:36  Probe  
  150  10:38  Shield Battery  
  150  10:39  Probe  
  150  10:40  Photon Cannon  
  150  10:42  Photon Cannon  
  142  10:45  High Templar x2  
  142  10:46  Zealot x4  
  142  10:48  Immortal (Chrono Boost)  
  154  11:03  Archon  
  150  11:04  Zealot  
  150  11:08  Zealot x2  
  150  11:09  Zealot x3  
  150  11:10  Archon  
  150  11:19  Archon  
  150  11:21  Zealot x2  
Show
View Real Time Build Order
Export as new Build Order

Reynor Zerg 

Build Orders: Hatch First 

Get SALT Encoding   

  12  0:00  Drone  
  13  0:12  Overlord  
  13  0:17  Drone  
  14  0:31  Drone x2  
  16  0:44  Drone  
  17  0:52  Hatchery  
  17  0:55  Drone  
  17  0:58  Drone  
  18  1:09  Extractor  
  17  1:14  Spawning Pool  
  17  1:17  Drone  
  17  1:20  Drone  
  18  1:29  Drone  
  20  1:40  Drone  
  20  1:49  Overlord  
  20  2:00  Queen  
  22  2:04  Zergling x2, Queen  
  22  2:05  Zergling x2  
  26  2:11  Drone  
  26  2:13  Metabolic Boost  
  26  2:15  Drone  
  28  2:25  Drone x2  
  30  2:38  Drone  
  31  2:44  Hatchery, Queen  
  31  2:49  Zergling x2  
  33  2:51  Overlord  
  33  2:54  Drone  
  33  2:58  Drone x2  
  36  3:07  Drone  
  36  3:10  Spore Crawler  
  36  3:12  Overlord  
  36  3:18  Drone  
  36  3:19  Drone  
  38  3:20  Evolution Chamber  
  38  3:23  Drone x2  
  38  3:25  Drone  
  40  3:31  Queen  
  42  3:36  Spore Crawler  
  42  3:40  Zergling x4  
  42  3:49  Zerg Melee Weapons Level 1  
  42  3:50  Drone x4  
  46  3:57  Queen  
  46  3:59  Drone  
  46  4:00  Drone  
  46  4:02  Drone  
  51  4:07  Queen  
  53  4:11  Overlord  
  53  4:15  Drone  
  53  4:16  Spore Crawler  
  53  4:19  Drone x2  
  53  4:20  Drone  
  53  4:23  Drone x2  
  58  4:36  Queen  
  60  4:41  Overlord  
  60  4:43  Queen  
  62  4:46  Drone  
  62  4:47  Drone x2  
  62  4:48  Drone  
  62  4:51  Overlord  
  66  4:54  Overlord  
  66  4:59  Overlord  
  66  5:01  Zergling x14  
  66  5:02  Zergling x2  
  66  5:05  Extractor  
  66  5:06  Zergling x2  
  74  5:09  Overlord  
  74  5:12  Zergling x6  
  76  5:16  Baneling Nest  
  76  5:17  Zergling x2  
  76  5:19  Zergling x2  
  76  5:23  Zergling x10  
  80  5:30  Zergling x4  
  80  5:31  Spore Crawler  
  80  5:33  Zergling x2  
  80  5:34  Zergling x2  
  83  5:38  Zergling x2  
  83  5:39  Queen  
  86  5:44  Zergling x2  
  86  5:46  Zergling x2  
  86  5:47  Zergling x2  
  86  5:49  Zergling x6  
  82  5:56  Zergling x8  
  82  5:57  Zergling x2  
  85  6:03  Baneling x3  
  85  6:04  Baneling x7  
  82  6:06  Baneling x3  
  82  6:08  Zergling x4  
  84  6:11  Zergling x2  
  84  6:12  Zergling x2  
  84  6:15  Baneling  
  84  6:16  Baneling  
  84  6:17  Zergling x6  
  87  6:30  Zergling x12  
  87  6:36  Zergling x4  
  87  6:38  Baneling  
  87  6:39  Baneling x4  
  85  6:40  Zergling x2, Queen  
  82  6:49  Zergling x8  
  79  6:55  Zergling x4  
  75  7:05  Drone x6  
  75  7:06  Lair  
  74  7:09  Drone  
  74  7:11  Drone  
  74  7:15  Drone  
  73  7:20  Drone  
  68  7:24  Drone  
  68  7:27  Zergling x4  
  68  7:29  Zergling x4  
  69  7:32  Zergling x2  
  69  7:33  Zergling x2  
  65  7:38  Extractor  
  65  7:39  Zergling x2  
  65  7:42  Zergling x2  
  65  7:43  Zergling x2  
  67  7:45  Zergling x6  
  71  7:51  Zergling x2  
  71  7:54  Zergling x2  
  71  7:57  Drone x3, Hatchery  
  73  7:59  Zergling x8, Extractor  
  73  8:04  Drone  
  77  8:07  Zerg Melee Weapons Level 2, Hydralisk Den  
  77  8:08  Zergling x4  
  78  8:13  Drone x3  
  78  8:17  Overlord  
  78  8:18  Overlord  
  78  8:19  Drone  
  82  8:25  Drone  
  82  8:26  Drone x2  
  85  8:27  Overlord, Extractor  
  85  8:30  Drone  
  85  8:40  Muscular Augments, Drone x2  
  87  8:42  Drone x3  
  87  8:43  Hydralisk x4  
  87  8:46  Hydralisk  
  87  8:48  Hydralisk  
  97  8:53  Hydralisk  
  97  8:54  Hydralisk x2  
  101  8:57  Hydralisk x2  
  101  9:00  Zergling x2  
  101  9:02  Hydralisk  
  101  9:03  Zergling x6  
  103  9:10  Hydralisk x2, Overlord  
  103  9:11  Zergling x4  
  103  9:16  Hydralisk  
  111  9:18  Zergling x2  
  111  9:22  Overlord  
  111  9:23  Hydralisk x2  
  116  9:24  Zergling x6  
  116  9:27  Overlord  
  116  9:30  Centrifugal Hooks  
  117  9:34  Extractor  
  117  9:36  Hydralisk  
  117  9:37  Hydralisk, Zergling x4  
  122  9:44  Overlord  
  120  9:46  Hydralisk x2  
  120  9:47  Zergling x4  
  120  9:51  Zergling x4  
  126  9:55  Zergling x8  
  126  9:57  Zergling x2  
  131  10:00  Zergling x2  
  131  10:03  Zergling x2  
  131  10:04  Zergling x2  
  133  10:08  Zergling x8  
  133  10:12  Zergling x2  
  138  10:15  Zergling x4  
  140  10:22  Overlord  
  138  10:30  Zergling x12  
  138  10:34  Zergling x2  
  143  10:36  Baneling x29  
  143  10:42  Zergling x8  
  143  10:49  Zergling x12  
  142  10:57  Hydralisk  
  142  10:58  Zergling x6  
  142  11:02  Hydralisk  
  142  11:06  Zergling x6  
  142  11:08  Zergling x4  
Tags
 
Add a new tag
Caveats
  • Supply blocks, unpowered buildings, or Contaminate may cause inaccurate times.
  • Supply counts are checked every 10 seconds.